 Dungeon Crawl Stone Soup version 0.30-a0-177-g1cb5dbfd7a (webtiles) character file.

Game seed: 7395609739136526264

12370 Flugkiller the Corrupter of Planes (level 11, -1/81 HPs)
             Began as a Mummy Ice Elementalist on Oct 2, 2022.
             Was the Champion of Lugonu.
             Shot with an arrow by a centaur (7 damage)
             ... on level 11 of the Dungeon.
             The game lasted 00:17:04 (11312 turns).

Flugkiller the Corrupter of Planes (MuIE)          Turns: 11312, Time: 00:17:05

Health: -1/81      AC: 15    Str: 11    XL:     11   Next: 61%
Magic:  20/20      EV: 15    Int: 15    God:    Lugonu [******]
Gold:   763        SH:  0    Dex: 22    Spells: 11/22 levels left

rFire   x . .      SeeInvis +    b - +3 quarterstaff (spect)
rCold   + + .      Faith    +    (shield currently unavailable)
rNeg    + + +      Spirit   .    F - +3 ring mail
rPois   ∞          Reflect  .    f - +1 helmet of Bitterness {rElec rC+ Stlth+}
rElec   +          Harm     .    o - +2 ratskin cloak {*Rats rPois rN+ Str-1 Int-1 Dex+1}
rCorr   .          Rampage  .    (no gloves)
Will    +....                    m - +0 pair of boots
Stlth   +++.......               B - amulet of regeneration
HPRegen 1.13/turn                c - +6 ring of dexterity
MPRegen 0.17/turn                i - ring of see invisible

@: no status effects
A: cold resistance 1, negative energy resistance 3, torment resistance 2, heat
vulnerability 1, in touch with death 1, no potions, faith
a: Renounce Religion, Depart the Abyss, Bend Space, Banish, Corrupt, Enter the
Abyss, Brand Weapon With Distortion


You were on level 11 of the Dungeon.
You worshipped Lugonu.
Lugonu was exalted by your worship.
You visited 1 branch of the dungeon, and saw 11 of its levels.

You collected 763 gold pieces.

Inventory:

Hand Weapons
 b - a +3 spectral quarterstaff (weapon)
   (You found it on level 5 of the Dungeon)
 A - the +8 long sword of Qydiode {elec, Drain rElec Dex+4}
   (You found it on level 8 of the Dungeon)

   It occasionally discharges a powerful burst of electricity upon striking a
   foe.
   Dex:       It affects your dexterity (+4).
   rElec:     It insulates you from electricity.
   Drain:     It drains your maximum health when unequipped.
 D - the +6 whip "Tigroal" {protect, rPois rC+}
   (You found it on level 8 of the Dungeon)

   It grants its wielder temporary protection when it strikes (+7 to AC).
   rC:        It protects you from cold.
   rPois:     It protects you from poison.
Missiles
 d - 6 curare-tipped darts
Armour
 a - a +0 robe
 f - the +1 helmet of Bitterness (worn) {rElec rC+ Stlth+}
   (You found it on level 2 of the Dungeon)

   rC:        It protects you from cold.
   rElec:     It insulates you from electricity.
   Stlth:     It makes you more stealthy.
 m - a +0 pair of boots (worn)
   (You found it on level 4 of the Dungeon)
 o - the +2 ratskin cloak (worn) {*Rats rPois rN+ Str-1 Int-1 Dex+1}
   (You found it on level 5 of the Dungeon)

   When the wearer is hurt, rats may emerge from it to assist them.
   Str:       It affects your strength (-1).
   Int:       It affects your intelligence (-1).
   Dex:       It affects your dexterity (+1).
   rPois:     It protects you from poison.
   rN:        It protects you from negative energy.
 u - a +1 pair of gloves of infusion
   (You found it on level 6 of the Dungeon)
 z - the +2 cloak of Mirth {Fly rElec Dex+2}
   (You found it on level 7 of the Dungeon)

   Dex:       It affects your dexterity (+2).
   rElec:     It insulates you from electricity.
   Fly:       It grants you flight.
 F - a +3 ring mail (worn)
   (You took it off Duvessa on level 6 of the Dungeon)
Magical Staves
 e - a staff of poison
   (You found it on level 2 of the Dungeon)
 v - a staff of fire
   (You found it on level 6 of the Dungeon)
Jewellery
 c - a +6 ring of dexterity (left hand)
   (You found it on level 2 of the Dungeon)
 i - a ring of see invisible (right hand)
   (You found it on level 3 of the Dungeon)
 k - a ring of fire
   (You found it on level 8 of the Dungeon)
 x - an amulet of guardian spirit
   (You found it on level 7 of the Dungeon)
 B - an amulet of regeneration (around neck)
   (You found it on level 11 of the Dungeon)
Wands
 j - a wand of paralysis (10)
   (You found it on level 3 of the Dungeon)
 p - a wand of iceblast (20)
   (You found it on level 5 of the Dungeon)
 s - a wand of polymorph (4)
   (You found it on level 6 of the Dungeon)
 H - a wand of flame (8)
   (You found it on level 10 of the Dungeon)
Scrolls
 g - a scroll of magic mapping
 h - 4 scrolls of vulnerability
 l - 3 scrolls of torment
 n - a scroll of immolation
 q - 3 scrolls of enchant armour
 r - 5 scrolls of identify
 t - 4 scrolls of teleportation
 y - 2 scrolls of poison
 C - a scroll of brand weapon
 G - 2 scrolls of amnesia
Miscellaneous
 E - a box of beasts
   (You found it on level 9 of the Dungeon)


   Skills:
 - Level 6.0 Fighting
 - Level 2.0 Staves
 + Level 3.1 Armour
 + Level 7.1 Dodging
 - Level 1.5 Stealth
 - Level 6.0 Spellcasting
 + Level 6.9 Summonings
 + Level 6.9 Ice Magic
 - Level 8.2 Invocations


You had 11 spell levels left.
You knew the following spells:

 Your Spells              Type           Power      Damage    Failure   Level
a - Freeze                Ice            100%       1d11      1%          1
b - Frozen Ramparts       Ice            50%        1d8       6%          3
c - Ozocubu's Armour      Ice            25%        N/A       6%          3
d - Summon Ice Beast      Ice/Summ       25%        N/A       19%         4

Your spell library contained the following spells:

 Spells                   Type           Power      Damage    Failure   Level
 Call Imp                 Summ           25%        N/A       3%          2
 Foxfire                  Conj/Fire      16%        2x1d4     32%         1
 Magic Dart               Conj           16%        1d3       32%         1
 Slow                     Hex            16%        N/A       32%         1
 Sting                    Tmut/Pois      16%        1d3       32%         1
 Poisonous Vapours        Pois/Air       8%         N/A       45%         2
 Animate Armour           Summ/Erth      28%        N/A       63%         4
 Confusing Touch          Hex            4%         N/A       69%         3
 Dazzling Flash           Conj/Hex       8%         N/A       69%         3
 Mephitic Cloud           Conj/Pois/Air  4%         N/A       69%         3
 Vampiric Draining        Necr           6%         2d6       69%         3
 Olgreb's Toxic Radiance  Pois           4%         N/A       97%         4
 Agony                    Necr           6%         N/A       100%        5
 Fireball                 Conj/Fire      2%         3d4       100%        5
 Silence                  Hex/Air        2%         N/A       100%        5
 Iron Shot                Conj/Erth      2%         9d2       100%        6
 Starburst                Conj/Fire      2%         6d3       100%        6
 Blade Hands              Tmut           Unusable   N/A       N/A         5

Dungeon Overview and Level Annotations

Branches:
Dungeon (11/15) Zot: 23964  Temple (0/1) D:6            Lair (0/5) D:9
    Orc (0/2) D:10

Altars:
Ashenzari
Dithmenos
Fedhas
Hepliaklqana
Makhleb
Nemelex Xobeh
Qazlal
Trog
Uskayaw
Xom
Yredelemnul
Lugonu

Shops:
D:1 (

Annotations:
D:4 2 transporters


Innate Abilities, Weirdness & Mutations

You are immune to poison.
Your flesh is cold resistant. (rC+)
You are immune to negative energy. (rN+++)
You are immune to unholy pain and torment.
You are vulnerable to heat. (rF-)
You are in touch with the powers of death.
You do not drink.
You have a special connection with the divine. (Faith)


Message History

The yak is severely wounded.
Your +3 spectral quarterstaff hits the yak!
The yak gores you!
You hit the yak.
The yak is almost dead.
Your +3 spectral quarterstaff hits the yak!
You kill the yak!
Lugonu accepts your kill.
No target in view!
Magic restored.
HP restored.
A cyclops comes into view.
A cyclops is nearby!
Found a stone staircase leading down.
The cyclops shouts!
A centaur comes into view.
The cyclops throws a large rock.
The large rock hits you!!
The centaur shouts!
The centaur wields a +0 shortbow.
The centaur shoots an arrow.
The arrow hits you!
The centaur shoots an arrow.
The arrow hits you.
A centaur comes into view.
The centaur shoots an arrow.
The arrow hits you.
A centaur warrior comes into view.
The centaur shouts!
The centaur wields a +0 shortbow.
The centaur shoots an arrow.
The arrow barely misses you.
The centaur warrior shouts!
The centaur shoots an arrow.
The arrow barely misses you.
The centaur warrior wields a +0 longbow.
The centaur warrior shoots an arrow.
The arrow barely misses you.
The centaur shoots an arrow.
The arrow closely misses you.
The centaur warrior shoots an arrow.
The arrow hits you!
The centaur shoots an arrow.
The arrow misses you.
The centaur warrior shoots an arrow.
The arrow hits you!
The centaur shoots an arrow.
The arrow hits you but does no damage.
A centaur comes into view.
The centaur shoots an arrow.
The arrow hits you but does no damage.
The centaur shoots an arrow.
The arrow hits you but does no damage.
The centaur shoots an arrow.
The arrow hits you but does no damage.
The centaur warrior shoots an arrow.
The arrow hits you!!
* * * LOW HITPOINT WARNING * * *
The centaur shouts!
The centaur shoots an arrow.
The arrow hits you but does no damage.
The centaur hits you but does no damage.
The centaur closely misses you.
The centaur shoots an arrow.
The arrow hits you but does no damage. The centaur barely misses you.
The centaur kicks you but does no damage.
The centaur barely misses you.
The centaur kicks you but does no damage.
The centaur shoots an arrow.
The arrow hits you!
* * * LOW HITPOINT WARNING * * *
As you read the scroll of butterflies, it crumbles to dust.
You hear the tinkle of a tiny bell.
The centaur hits you but does no damage.
The centaur kicks you but does no damage.
The centaur hits you but does no damage.
The centaur closely misses you.
Unknown command.
You swap places.
You swap places.
The centaur closely misses your butterfly.
The centaur misses your butterfly. The centaur hits your butterfly.
Your butterfly dies!
Your butterfly disappears in a burst of colours!
You swap places.
Found a stone staircase leading up.
The centaur unwields a +0 shortbow.
The centaur hits your butterfly.
Your butterfly dies!
Your butterfly disappears in a burst of colours!
The centaur misses your butterfly.
The centaur closely misses your butterfly.
The centaur hits your butterfly.
Your butterfly dies!
Your butterfly disappears in a burst of colours!
Something barely misses your butterfly. Something kicks your butterfly.
Your butterfly dies!
Your butterfly disappears in a burst of colours!
The centaur warrior unwields a +0 longbow.
The centaur warrior misses your butterfly.
The centaur warrior closely misses your butterfly.
The centaur hits your butterfly.
Your butterfly dies!
Your butterfly disappears in a burst of colours!
A centaur comes into view.
The centaur shouts!
A centaur comes into view. x2
The centaur moves out of view. x2
The centaur wields a +0 shortbow.
The centaur shoots an arrow.
The arrow hits you.
* * * LOW HITPOINT WARNING * * *
The centaur wields a +3 shortbow.
The centaur shoots an arrow.
The arrow hits you.
* * * LOW HITPOINT WARNING * * *
The centaur shoots an arrow.
The arrow closely misses you.
The centaur shoots an arrow.
The arrow hits you!
* * * LOW HITPOINT WARNING * * *
The centaur wields a +0 shortbow.
The centaur shoots an arrow.
The arrow barely misses you.
The centaur shoots an arrow.
The arrow hits you!
You die...

**************,,,
*...,,,,,,,,,,,,,
*..,,,,,,,,,,,,,,
###..,,,,,,,,,,,,,,
#...,,,,,,,,,,,,,,,
#...,,,,,,,,,,,,Y..
#.<#**###,***#.....
#..#,...###,,#.....
#.@##......,,#...c.
#...'.c....,,#...c.
#...#.c....,##.....
#...#,..c..,#......
#...#########.....#
#...c.bc..cc......#
######.bbbb#+####.#
#b....#,,,,#.#
#b.bbb#,,,,#.#


You could see 4 centaurs.

Vanquished Creatures
  Pikel (D:7)
  An elephant (D:9)
  A kobold demonologist (D:11)
  Prince Ribbit (D:7)
  A vampire (D:6)
  A shadow (D:10)
  10 yaks
  2 basilisks (D:9)
  4 wyverns
  4 vampire mosquitoes (D:11)
  3 water moccasins
  Duvessa (D:6)
  2 ice beasts
  6 orc warriors
  A swamp drake (D:6)
  3 sky beasts
  An ogre (D:6)
  A tengu (D:9)
  8 centaurs
  A lemure (D:7)
  5 phantoms
  A kobold brigand (D:8)
  Blork the orc (D:4)
  A gnoll sergeant (D:6)
  2 bullfrogs (D:8)
  A necrophage (D:6)
  6 scorpions
  4 wights
  Dowan (D:6)
  5 killer bees (D:8)
  A howler monkey (D:8)
  5 hounds
  A jelly (D:5)
  8 orc priests
  2 gnoll boudas
  6 iguanas
  10 orc wizards
  6 hell rats (D:7)
  Robin (D:4)
  9 adders
  15 gnolls
  21 river rats (D:7)
  A white imp (D:7)
  A worm (D:4)
  A dart slug (D:4)
  55 orcs
  4 endoplasms
  6 giant cockroaches
  3 hobgoblins
  4 quokkas
  7 ball pythons
  2 bats
  3 frilled lizards (D:1)
  18 goblins
  11 kobolds
  7 rats
288 creatures vanquished.

Vanquished Creatures (collateral kills)
  A boulder beetle (D:10)
  2 yaks
  2 centaurs (D:11)
  A wight (D:6)
  An orc priest (D:10)
  A jelly (D:7)
  An orc wizard (D:10)
  2 orcs (D:10)
11 creatures vanquished.

Grand Total: 299 creatures vanquished

Notes
Turn   | Place    | Note
-------+----------+-------------------------------------------
     0 | D:1      | Flugkiller the Mummy Ice Elementalist began the quest for
                  | the Orb.
     0 | D:1      | Reached XP level 1. HP: 13/13 MP: 4/4
   143 | D:1      | Found a faded altar of an unknown god.
   147 | D:1      | Prayed at the altar of an unknown god.
   147 | D:1      | Became a worshipper of Lugonu the Unformed
   147 | D:1      | Reached * piety under Lugonu
   147 | D:1      | Reached ** piety under Lugonu
   255 | D:1      | Found Conobif's Antique Weapon Shop.
   297 | D:1      | Reached XP level 2. HP: 19/20 MP: 1/6
   446 | D:1      | Reached skill level 1 in Fighting
  1060 | D:2      | Identified the +1 helmet of Bitterness {rElec rC+ Stlth+}
  1168 | D:2      | Gained mutation: You are in touch with the powers of death.
                  | [Mummy growth]
  1168 | D:2      | Reached XP level 3. HP: 26/26 MP: 3/7
  1170 | D:2      | Reached *** piety under Lugonu
  1333 | D:2      | Learned a level 3 spell: Frozen Ramparts
  1480 | D:2      | Reached XP level 4. HP: 9/33 MP: 0/9
  2302 | D:3      | Found a sparkling altar of Nemelex Xobeh.
  2702 | D:4      | Found a transporter.
  2808 | D:4      | Noticed a scorpion
  2820 | D:4      | Killed a scorpion
  2821 | D:4      | Reached XP level 5. HP: 38/38 MP: 2/11
  2910 | D:4      | Found a transporter.
  2942 | D:4      | Reached **** piety under Lugonu
  2974 | D:4      | Noticed Robin
  2985 | D:4      | Killed Robin
  3263 | D:4      | Reached skill level 5 in Spellcasting
  3406 | D:4      | Noticed Blork the orc
  3414 | D:4      | Killed Blork the orc
  3415 | D:4      | Reached XP level 6. HP: 44/44 MP: 5/14
  3525 | D:4      | Noticed an ice beast
  3525 | D:4      | Noticed an ice beast
  3568 | D:4      | Noticed an ice beast
  3568 | D:4      | Noticed an ice beast
  3585 | D:4      | Found a burning altar of Makhleb.
  3874 | D:5      | Entered Level 5 of the Dungeon
  3906 | D:5      | Found a bloodstained altar of Trog.
  3949 | D:5      | Reached skill level 1 in Invocations
  4091 | D:5      | Noticed an ice beast
  4206 | D:5      | Reached skill level 2 in Invocations
  4273 | D:5      | Reached XP level 7. HP: 50/50 MP: 2/15
  4479 | D:5      | Reached skill level 3 in Invocations
  4617 | D:5      | Found the +2 ratskin cloak {*Rats rPois rN+ Str-1 Int-1
                  | Dex+1}
  4722 | D:4      | Reached skill level 4 in Invocations
  4758 | D:5      | Reached skill level 1 in Staves
  4927 | D:5      | Reached XP level 8. HP: 58/58 MP: 16/16
  5058 | D:6      | Reached skill level 5 in Invocations
  5113 | D:5      | Found a hazy altar of Hepliaklqana.
  5191 | D:6      | Reached ***** piety under Lugonu
  5192 | D:6      | Reached skill level 6 in Invocations
  5192 | D:6      | Reached skill level 5 in Ice Magic
  5367 | D:6      | Found a staircase to the Ecumenical Temple.
  5528 | D:6      | Noticed Duvessa
  5712 | D:6      | Reached XP level 9. HP: 56/65 MP: 15/18
  5775 | D:6      | Reached skill level 7 in Invocations
  5975 | D:6      | Noticed Dowan
  6006 | D:6      | Killed Duvessa
  6007 | D:6      | Reached skill level 8 in Invocations
  6016 | D:6      | Killed Dowan
  6114 | D:6      | Reached skill level 1 in Summonings
  6250 | D:7      | Noticed Prince Ribbit
  6267 | D:7      | Killed Prince Ribbit
  6337 | D:7      | Found a broken altar of Ashenzari.
  6429 | D:7      | Reached skill level 5 in Fighting
  6666 | D:7      | Noticed Pikel
  6683 | D:7      | Killed Pikel
  6702 | D:7      | Reached XP level 10. HP: 72/76 MP: 16/19
  7108 | D:7      | Reached ****** piety under Lugonu
  7155 | D:7      | Identified the +2 cloak of Mirth {Fly rElec Dex+2}
  7455 | D:8      | Found a shadowy altar of Dithmenos.
  7561 | D:8      | Identified the +8 long sword of Qydiode {elec, Drain rElec
                  | Dex+4}
  7904 | D:8      | Learned a level 3 spell: Ozocubu's Armour
  7909 | D:8      | Learned a level 4 spell: Summon Ice Beast
  8026 | D:8      | Reached skill level 5 in Dodging
  8271 | D:8      | You fall into a shaft and drop 3 floors!
  8292 | D:10     | Entered Level 10 of the Dungeon
  8316 | D:9      | Noticed a white ugly thing
  8328 | D:10     | Reached skill level 5 in Summonings
  8364 | D:10     | Found a stormy altar of Qazlal.
  8399 | D:10     | Found a hide-covered altar of Uskayaw.
  8517 | D:10     | Found a staircase to the Orcish Mines.
  8573 | D:10     | Noticed a boulder beetle
  8741 | D:8      | Identified the +6 whip "Tigroal" {protect, rPois rC+}
  8747 | D:8      | Found a shimmering altar of Xom.
  8752 | D:8      | Found a basalt altar of Yredelemnul.
  9275 | D:9      | Banished a white ugly thing
  9551 | D:9      | Found a staircase to the Lair.
  9555 | D:9      | Noticed an elephant
  9577 | D:9      | Reached XP level 11. HP: 81/81 MP: 13/20
  9594 | D:9      | Identified the +1 ring mail of Dawn {rC- rN+ Will+}
  9614 | D:9      | Reached skill level 1 in Armour
  9773 | D:9      | Found a blossoming altar of Fedhas.
 10612 | D:10     | Killed a boulder beetle
 10895 | D:11     | Noticed a two-headed ogre
 10900 | D:11     | Banished a two-headed ogre
 11294 | D:11     | Noticed a centaur warrior
 11312 | D:11     | Shot with an arrow by a centaur

Illustrated notes

Levels and vault maps discovered:
D:1:      amcnicky_arrival_single_pillar, layout_basic,
          shapermc_ecumenical_altar_mp_vishouse, serial_shops,
          nicolae_shop_hallway_plus
D:2:      layout_basic
D:3:      layout_loops_corners, nemelex_diamond_rough_becter,
          mainiacjoe_overflow_chevrons
D:4:      gammafunk_cloud_chamber, layout_cave_pods,
          mainiacjoe_overflow_surrounded_room, uniq_robin, uniq_blork_the_orc
D:5:      layout_cave_pods, chequers_temple_overflow_statue_of_worship,
          worldfamousw_hep_ancestral_shrine
D:6:      cheibrodos_barr_body, layout_basic, minmay_temple_entry_mini_moons,
          uniq_duvessa
D:7:      wander_guarded_unrand_ratskin, layout_cave_pods,
          mainiacjoe_overflow_catwalk, serial_park, serial_park_gazebo
          [serial_park_minivault_5x5_7], serial_park_square3
          [serial_park_minivault_5x5_6], uniq_prince_ribbit1, uniq_pikel
D:8:      layout_layer_cave, minmay_overflow_temple_star_quad,
          grunt_dithmenos_shadows
D:9:      layout_basic, fedhas_bush_and_centaur_altar, david_lair_generic,
          serial_glass, glass_columns_a, glass_columns_b, glass_columns_b,
          glass_columns_a, feat_on_display, feat_on_display, due_unseen_surprise
D:10:     layout_irregular_city, mainiacjoe_overflow_alcove_4,
          mainiacjoe_overflow_tiny_flanked, hiddenorc2_lemuel
D:11:     layout_irregular_city, uniq_psyche

Skill      XL: |  1  2  3  4  5  6  7  8  9 10 11 |
---------------+----------------------------------+-----
Spellcasting   | 3 4 5 6 |  6.0
Fighting       | 1 2 3 4 5 6 |  6.0
Ice Magic      | 4 6 |  6.9
Invocations    | 2 4 6 8 |  8.2
Staves         | 2 |  2.0
Dodging        | 3 6 7 |  7.1
Summonings     | 3 6 |  6.9
Armour         | 3 |  3.1
Stealth        | |  1.5

Action                   |  1- 3 |  4- 6 |  7- 9 | 10-12 || total
-------------------------+-------+-------+-------+-------++-------
Melee: Whip              |    35 |     1 |       |       ||    36
       Unarmed           |     1 |       |       |       ||     1
       Short sword       |       |    30 |     1 |       ||    31
       Quarterstaff      |       |       |   112 |   219 ||   331
 Cast: Freeze            |    49 |    62 |    45 |    17 ||   173
       Frozen Ramparts   |     1 |    12 |    20 |    26 ||    59
       Summon Ice Beast  |       |       |       |     6 ||     6
       Ozocubu's Armour  |       |       |       |     3 ||     3
Invok: Banish            |       |       |       |     4 ||     4
Evoke: Wand              |       |       |     4 |     1 ||     5
  Use: Scroll            |     3 |     5 |     1 |     7 ||    16
 Stab: Sleeping          |     3 |     1 |     4 |     5 ||    13
       Distracted        |       |       |     2 |     1 ||     3
Armor: Robe              |    12 |    15 |    43 |    29 ||    99
       Ring mail         |       |       |       |    90 ||    90
Dodge: Dodged            |    36 |    45 |    89 |   261 ||   431

Table legend: (Time is in decaauts)
 A = Elapsed time spent in this place.
 B = Non-inter-level travel time spent in this place.
 C = Inter-level travel time spent in this place.
 D = Time resting spent in this place.
 E = Time spent auto-exploring this place.
 F = Levels seen in this place.
 G = Mean time per level.
                   A        B        C        D        E       F      G
               +--------+--------+--------+--------+--------+-----+--------+
         Total |  11386 |  10852 |    534 |   2529 |   5806 |  11 | 1035.1 |
       Dungeon |  11386 |  10852 |    534 |   2529 |   5806 |  11 | 1035.1 |
               +--------+--------+--------+--------+--------+-----+--------+

Top non-repeatable levels by time:
     D:8: 1398 daAuts
     D:7: 1299 daAuts
     D:5: 1232 daAuts
     D:4: 1224 daAuts
     D:6: 1123 daAuts
    D:10: 1077 daAuts
     D:1: 1046 daAuts
     D:9: 970 daAuts
     D:3: 836 daAuts
     D:2: 803 daAuts
    D:11: 374 daAuts
